[Event "Titled Tuesday Blitz March 14 Early 2023"]
[White "Xu, Xiangyu"]
[Black "Bews, Steven"]
[WhiteFideId "8608288"]
[BlackFideId "2400529"]
[WhiteElo "2477"]
[BlackElo "2631"]
[Result "1-0"]
[Round "09"]
[TimeControl "180+2"]
[Date "2023.03.14"]
[WhiteClock "0:00:23"]
[BlackClock "0:00:13"]

1. d4 Nf6 2. Bg5 d5 3. Nd2 e6 4. e4 dxe4 5. Nxe4 Be7 6. Bxf6 Bxf6 7. Nf3 Nd7 8. Bd3 c5 9. dxc5 Nxc5 10. Bb5+ Nd7 11. Nxf6+ Qxf6 12. Qd6 Qe7 13. Qf4 O-O 14. O-O-O Nf6 15. Rhe1 a6 16. Bd3 b5 17. Ng5 Bb7 18. Re3 h6 19. Nf3 Nd5 20. Qe4 g6 21. Ree1 Nb4 22. Qf4 Kg7 23. Be4 Bxe4 24. Qxe4 Nxa2+ 25. Kb1 Nb4 26. c3 a5 27. h4 Rfd8 28. h5 Nd5 29. Rxd5 b4 30. hxg6 bxc3 31. gxf7 c2+ 32. Kc1 Rxd5 33. Qxd5 Qxf7 34. Qxa8 Qf4+ 35. Re3 Qc4 36. Qa7+ Kf6 37. Qf7+ Kxf7 38. Ne5+ Ke7 39. Nxc4 Kd7 40. Kxc2 Kc6 41. Nxa5+ Kc5 42. Nb3+ Kd5 43. Rh3 e5 44. Rxh6 e4 45. Rh5+ Kc4 46. Nd2+ Kd4 47. Nf1 Kc4 48. Kd2 Kb3 49. Ke3 Kxb2 50. g4 Kc3 51. g5 Kc2 52. g6 Kd1 53. g7 Ke1 54. g8=Q Kd1 55. Qc4 Ke1 56. Qc1# 1-0


[Site "https://www.chess.com"]

[Event "Titled Tuesday Blitz March 14 Early 2023"]
[White "Wei, Yi"]
[Black "Rustemov, Alexander"]
[WhiteFideId "8603405"]
[BlackFideId "4119002"]
[WhiteElo "2686"]
[BlackElo "2931"]
[Result "1-0"]
[Round "09"]
[TimeControl "180+2"]
[Date "2023.03.14"]
[WhiteClock "0:00:12"]
[BlackClock "0:00:02"]

1. b3 d5 2. Bb2 Nf6 3. e3 Bf5 4. Be2 e6 5. Nf3 h6 6. h3 Be7 7. d3 Nbd7 8. Nbd2 c6 9. a3 a5 10. c4 Bd6 11. Qc2 Qe7 12. g4 Bg6 13. Rg1 e5 14. Nh4 O-O 15. g5 hxg5 16. Nxg6 fxg6 17. Rxg5 Qf7 18. O-O-O Nh7 19. Rg2 g5 20. Rdg1 Qe7 21. h4 Bxa3 22. hxg5 g6 23. Bxa3 Qxa3+ 24. Qb2 Qe7 25. Kb1 a4 26. b4 a3 27. Qb3 Kg7 28. Ka2 Nb6 29. Rb1 Rf5 30. Bg4 Rf7 31. Rh1 Nxg5 32. Rhg1 dxc4 33. Nxc4 Nd5 34. Be2 Qxb4 35. Qxb4 Nxb4+ 36. Kb3 a2 37. Rxg5 a1=Q 38. Rxa1 Rxa1 39. Kxb4 Rxf2 40. Bg4 Kf6 41. Rxe5 Rb1+ 42. Kc3 Rc1+ 43. Kd4 b5 44. Nd6 c5+ 45. Kd5 b4 46. Ne4+ Kg7 47. Nxf2 b3 48. Re7+ Kh6 49. Rb7 Rc3 50. Bd1 c4 51. Kd4 Rc1 52. dxc4 g5 53. Rxb3 g4 54. Nxg4+ Kg5 55. Nf2 Kh4 56. e4 Kg5 57. Rg3+ Kf4 58. Rg4# 1-0


[Site "https://www.chess.com"]

[Event "Titled Tuesday Blitz March 14 Early 2023"]
[White "Sarana, Alexey"]
[Black "Urazayev, Arystanbek"]
[WhiteFideId "24133795"]
[BlackFideId "13709810"]
[WhiteElo "2714"]
[BlackElo "2479"]
[Result "0-1"]
[Round "09"]
[TimeControl "180+2"]
[Date "2023.03.14"]
[WhiteClock "0:00:18"]
[BlackClock "0:00:32"]

1. c4 e6 2. Nc3 d5 3. d4 Nf6 4. Nf3 Nbd7 5. Qc2 c6 6. e3 Bd6 7. Bd3 dxc4 8. Bxc4 b5 9. Be2 Bb7 10. O-O O-O 11. e4 e5 12. dxe5 Nxe5 13. Nd4 b4 14. Na4 c5 15. Nxc5 Bxc5 16. Qxc5 Re8 17. Qxb4 Bxe4 18. Bf4 Nd5 19. Qd2 Nxf4 20. Qxf4 Qxd4 21. Rad1 Qxb2 22. Rfe1 Ng6 23. Qg3 Qxa2 24. Bb5 Red8 25. Rxd8+ Rxd8 26. Qc7 Rf8 27. Bc4 Qd2 28. Ra1 Qg5 29. g3 Qg4 30. Ra3 Qd1+ 31. Bf1 h6 32. h4 Bf5 33. Qc3 Rc8 34. Qa5 Rc1 0-1


[Site "https://www.chess.com"]

[Event "Titled Tuesday Blitz March 14 Early 2023"]
[White "Bortnyk, Olexandr"]
[Black "Pakleza, Zbigniew"]
[WhiteFideId "14120828"]
[BlackFideId "1119290"]
[WhiteElo "2734"]
[BlackElo "2410"]
[Result "1-0"]
[Round "09"]
[TimeControl "180+2"]
[Date "2023.03.14"]
[WhiteClock "0:00:11"]
[BlackClock "0:00:06"]

1. d4 d5 2. Nc3 Bf5 3. Bf4 e6 4. e3 a6 5. Nf3 Nd7 6. Bd3 Bxd3 7. cxd3 Be7 8. O-O Ngf6 9. Rc1 O-O 10. h3 c5 11. dxc5 Nxc5 12. d4 Nce4 13. Qb3 b5 14. Nxe4 dxe4 15. Ne5 Nd5 16. Bg3 f6 17. Nc6 Qd7 18. Nxe7+ Qxe7 19. Rc6 Rfc8 20. Rfc1 Qd7 21. Qc2 Rxc6 22. Qxc6 Qxc6 23. Rxc6 Kf7 24. Bd6 Ra7 25. Rc8 g5 26. g4 Rd7 27. Bc5 Rc7 28. Ra8 Rc6 29. Kg2 Kg6 30. Ra7 Nc7 31. b4 h5 32. f3 f5 33. fxe4 fxe4 34. Kf2 hxg4 35. hxg4 Nd5 36. Rd7 Nf6 37. Rd8 Nxg4+ 38. Ke2 Nf6 39. a3 g4 40. Kf2 Rc7 41. Kg2 Rh7 42. Bd6 Nd5 43. Rg8+ Rg7 44. Ra8 Nxe3+ 45. Kf2 Nf5 46. Be5 e3+ 47. Ke2 Rh7 48. Rxa6 Rh2+ 49. Bxh2 Nxd4+ 50. Kxe3 1-0


[Site "https://www.chess.com"]

[Event "Titled Tuesday Blitz March 14 Early 2023"]
[White "Fernandez Guillen, Ernesto J."]
[Black "Vallejo Pons, Francisco"]
[WhiteFideId "3512428"]
[BlackFideId "2205530"]
[WhiteElo "2423"]
[BlackElo "2589"]
[Result "0-1"]
[Round "09"]
[TimeControl "180+2"]
[Date "2023.03.14"]
[WhiteClock "0:00:03"]
[BlackClock "0:00:07"]

1. e4 c5 2. Nf3 a6 3. d4 cxd4 4. Nxd4 Nf6 5. Bd3 e5 6. Nb3 Be7 7. O-O O-O 8. c4 d6 9. Nc3 Be6 10. Be3 Nbd7 11. Rc1 Rc8 12. Nd5 Bxd5 13. cxd5 Rxc1 14. Qxc1 Qb8 15. f3 Bd8 16. Qd2 Bb6 17. Bxb6 Nxb6 18. Qb4 Nbd7 19. Rc1 h5 20. Kf1 h4 21. Na5 Nc5 22. Be2 Nh5 23. Nc4 Nf4 24. Qb6 Rd8 25. Nxd6 Na4 26. Qxd8+ Qxd8 27. Rc8 Qxc8 28. Nxc8 Kf8 29. g3 hxg3 30. hxg3 Nh5 31. Kf2 Nxb2 32. f4 Nf6 33. Ke3 Nd7 34. fxe5 Nxe5 35. Kd4 f6 36. d6 Ke8 37. Nb6 Nd7 38. Nd5 Na4 39. Bg4 Ne5 40. Be6 b6 41. a3 Kd8 42. g4 Nc5 43. g5 Nxe6+ 44. Kc3 Nxg5 45. Nxb6 Nxe4+ 46. Kd4 Nxd6 0-1


[Site "https://www.chess.com"]

[Event "Titled Tuesday Blitz March 14 Early 2023"]
[White "Rohith Krishna S"]
[Black "Nguyen, Ngoc Truong Son"]
[WhiteFideId "46617051"]
[BlackFideId "12401110"]
[WhiteElo "2270"]
[BlackElo "2571"]
[Result "1/2-1/2"]
[Round "09"]
[TimeControl "180+2"]
[Date "2023.03.14"]
[WhiteClock "0:01:04"]
[BlackClock "0:00:09"]

1. d4 Nf6 2. c4 g6 3. Nc3 Bg7 4. e4 d6 5. f4 O-O 6. Nf3 c5 7. d5 e6 8. Bd3 exd5 9. cxd5 Re8 10. O-O c4 11. Bc2 b5 12. e5 Ng4 13. e6 fxe6 14. dxe6 Bxe6 15. Ng5 Qb6+ 16. Kh1 Nf2+ 17. Rxf2 Qxf2 18. h3 Na6 19. Be4 Rad8 20. Nxe6 Rxe6 21. Bd5 Nc7 22. Bxe6+ Nxe6 23. Qd5 Qe1+ 24. Kh2 Bd4 25. Bd2 Qxd2 26. Qxe6+ Kh8 27. Nd5 Bg7 28. Re1 Rf8 29. Re2 Qd3 30. Re3 Qf5 31. Qxd6 Bxb2 32. Re7 Bg7 33. Qc7 Rg8 34. Ne3 Qf8 35. g3 Qd8 36. Qxa7 Qd2+ 37. Ng2 c3 38. Rd7 Qe2 39. Re7 Qb2 40. Rxg7 Rxg7 41. Qb8+ Rg8 42. Qe5+ Rg7 43. Qe8+ Rg8 44. Qe5+ Rg7 45. Qe8+ Rg8 46. Qe5+ 1/2-1/2


[Site "https://www.chess.com"]

[Event "Titled Tuesday Blitz March 14 Early 2023"]
[White "Makhnev, Denis"]
[Black "Csonka, Balazs"]
[WhiteFideId "13707647"]
[BlackFideId "742910"]
[WhiteElo "2525"]
[BlackElo "2404"]
[Result "1-0"]
[Round "09"]
[TimeControl "180+2"]
[Date "2023.03.14"]
[WhiteClock "0:00:07"]
[BlackClock "0:00:01"]

1. d4 Nf6 2. c4 e6 3. Nf3 Bb4+ 4. Bd2 a5 5. a3 Bxd2+ 6. Qxd2 O-O 7. Nc3 d5 8. e3 c6 9. Bd3 Nbd7 10. O-O b6 11. cxd5 cxd5 12. Rfc1 Bb7 13. Nb5 Ne4 14. Qd1 Rc8 15. Ne5 Nxe5 16. dxe5 Ba6 17. Nd4 Bxd3 18. Qxd3 Qd7 19. Qa6 Nc5 20. Qxb6 Nd3 21. Rxc8 Rxc8 22. Qxa5 Nxb2 23. f4 Nc4 24. Qe1 Ra8 25. Qc3 g6 26. h3 Ra4 27. Kh2 Qa7 28. Nc2 h5 29. g4 hxg4 30. hxg4 Kg7 31. Kg3 Ra5 32. f5 Qc7 33. f6+ Kg8 34. Rb1 Rc5 35. Qd4 Nxe5 36. Ne1 Nd3+ 37. Kf3 Ne5+ 38. Ke2 Rc2+ 39. Kd1 Rc4 40. Qd2 Nxg4 41. Rb4 Nxf6 42. Nd3 Ne4 43. Qg2 Rxb4 44. axb4 Qc3 45. Qc2 Qxd3+ 46. Qxd3 Nf2+ 47. Ke2 Nxd3 48. Kxd3 Kf8 49. Kd4 Ke7 50. Kc5 1-0


[Site "https://www.chess.com"]

[Event "Titled Tuesday Blitz March 14 Early 2023"]
[White "Zhigalko, Sergei"]
[Black "Papasimakopoulos, Alexandros"]
[WhiteFideId "13502956"]
[BlackFideId "4244125"]
[WhiteElo "2626"]
[BlackElo "2359"]
[Result "1/2-1/2"]
[Round "09"]
[TimeControl "180+2"]
[Date "2023.03.14"]
[WhiteClock "0:00:02"]
[BlackClock "0:00:44"]

1. e4 e6 2. d4 d5 3. e5 a6 4. Nf3 Bd7 5. c3 Bb5 6. Bxb5+ axb5 7. O-O b4 8. cxb4 Bxb4 9. a3 Be7 10. Nc3 b6 11. Bf4 c5 12. Nb5 Nc6 13. Qe2 g5 14. Be3 g4 15. Ne1 h5 16. Nd3 cxd4 17. Rac1 Rc8 18. Bxd4 Nh6 19. Be3 Nf5 20. Rc2 Na5 21. Rxc8 Qxc8 22. Bxb6 Nc4 23. Bd4 O-O 24. a4 Qa6 25. b3 Na5 26. Qb2 Nxd4 27. Qxd4 Nxb3 28. Qf4 Rc8 29. Qh6 Qxa4 30. Nf4 Qe4 31. Nd6 Qxe5 32. Nxc8 Bg5 33. Qxh5 Bxf4 34. Qxe5 Bxe5 35. Ne7+ Kf8 36. Nc6 Bf6 37. Rb1 Nd2 38. Rd1 Ne4 39. Kf1 Nc3 40. Ra1 Ne4 41. Ra7 Kg7 42. g3 Kg6 43. Ra4 Kg7 44. Kg2 Kg6 45. Nb8 Be5 46. Nc6 Bf6 47. Ra5 Bc3 48. Ra4 Bf6 1/2-1/2


[Site "https://www.chess.com"]

[Event "Titled Tuesday Blitz March 14 Early 2023"]
[White "Agasarov, Benik"]
[Black "Timofeev, Artyom"]
[WhiteFideId "13314823"]
[BlackFideId "4140419"]
[WhiteElo "2179"]
[BlackElo "2586"]
[Result "1-0"]
[Round "09"]
[TimeControl "180+2"]
[Date "2023.03.14"]
[WhiteClock "0:00:23"]
[BlackClock "0:00:42"]

1. d4 Nf6 2. c4 g6 3. Nc3 d5 4. cxd5 Nxd5 5. e4 Nb6 6. Be3 Bg7 7. Nf3 Bg4 8. Be2 O-O 9. O-O Nc6 10. d5 Bxf3 11. Bxf3 Ne5 12. Be2 Nec4 13. Bxb6 Nxb6 14. Qb3 c6 15. dxc6 bxc6 16. Rfd1 Qc7 17. Rac1 Rab8 18. Qc2 Qe5 19. b3 Rfd8 20. Nb1 Bh6 21. Rxd8+ Rxd8 22. Rd1 Rxd1+ 23. Bxd1 Qd4 24. Kf1 c5 25. Be2 Nc8 26. Nc3 Nd6 27. g3 Bg7 28. Nb5 Qxe4 29. Qxe4 Nxe4 30. Nxa7 Nc3 31. a4 Bd4 32. Nc6 Kf8 33. a5 Nd5 34. a6 Nc7 35. a7 Bc3 36. Ba6 Ke8 37. Bb7 Kd7 38. Nb8+ Kd6 39. Na6 1-0


[Site "https://www.chess.com"]

[Event "Titled Tuesday Blitz March 14 Early 2023"]
[White "Ibarra Jerez, Jose Carlos"]
[Black "Dehtiarov, Roman"]
[WhiteFideId "2226332"]
[BlackFideId "14186640"]
[WhiteElo "2638"]
[BlackElo "2162"]
[Result "1/2-1/2"]
[Round "09"]
[TimeControl "180+2"]
[Date "2023.03.14"]
[WhiteClock "0:00:06"]
[BlackClock "0:00:12"]

1. e3 e5 2. Ke2 Nc6 3. f3 d5 4. Kf2 f5 5. d4 e4 6. c4 Nf6 7. Nc3 Be6 8. Nh3 Ne7 9. Nf4 Bf7 10. Qb3 g5 11. Nfxd5 Nexd5 12. cxd5 Nxd5 13. Bc4 c6 14. Qxb7 Qc8 15. Qxc8+ Rxc8 16. fxe4 Nxc3 17. Bxf7+ Kxf7 18. bxc3 fxe4 19. Rb1 Kg6 20. Rb7 Bd6 21. Ke2 Rb8 22. Rd7 Rhd8 23. Rxd8 Rxd8 24. c4 Rb8 25. Kd2 Bb4+ 26. Ke2 Bd6 27. h3 Rb1 28. Rd1 Bb4 29. a3 Ba5 30. d5 cxd5 31. cxd5 Kf7 32. d6 Ke8 33. d7+ Kd8 34. Bd2 Rb2 35. Ke1 Bxd2+ 36. Rxd2 Rb3 37. Kf2 Rxa3 38. Rd4 h6 39. Rd6 h5 40. Rd5 Ra2+ 41. Kg3 h4+ 42. Kh2 Re2 43. Rxg5 Rxe3 44. Rg4 a5 45. Rg8+ Kxd7 46. Ra8 Ra3 47. Rh8 e3 48. Rxh4 Kd6 49. Kg3 e2+ 50. Kf2 Re3 51. Ke1 Kc5 52. Rh8 a4 53. Ra8 Kb4 54. h4 a3 55. h5 Re5 56. g4 Ra5 57. Rb8+ Ka4 58. Rb1 Rg5 59. Kxe2 Rxg4 60. Rb8 Rh4 61. Ra8+ Kb3 62. Kd3 Rxh5 63. Rb8+ Ka2 64. Kc2 Rc5+ 65. Kd2 Rc6 66. Rb7 Rc5 67. Rb8 Rc4 68. Rb5 Ka1 69. Rb3 Ka2 70. Rb8 Rh4 71. Kc2 Rh2+ 72. Kc1 Rb2 73. Ra8 Rb6 74. Kc2 Rc6+ 75. Kd2 Rc5 76. Rb8 1/2-1/2


[Site "https://www.chess.com"]

[Event "Titled Tuesday Blitz March 14 Early 2023"]
[White "Madaminov, Mukhiddin"]
[Black "Tanenbaum, Zachary"]
[WhiteFideId "14210703"]
[BlackFideId "2060850"]
[WhiteElo "2511"]
[BlackElo "2175"]
[Result "1-0"]
[Round "09"]
[TimeControl "180+2"]
[Date "2023.03.14"]
[WhiteClock "0:00:03"]
[BlackClock "0:00:02"]

1. d4 d5 2. Nc3 Nf6 3. Bf4 a6 4. e3 Bf5 5. f3 e6 6. g4 Bg6 7. h4 h5 8. g5 Nfd7 9. Bd3 Bxd3 10. Qxd3 g6 11. Nge2 Bg7 12. e4 c6 13. b3 O-O 14. O-O-O Qe7 15. Kb1 b5 16. Rhe1 Nb6 17. Nc1 Qa3 18. Ka1 N8d7 19. Nb1 Qe7 20. Qd2 a5 21. c3 b4 22. a4 bxa3 23. Qa2 a4 24. b4 Nc4 25. Nxa3 Ndb6 26. Nxc4 Nxc4 27. Nd3 Qa7 28. Nb2 Nxb2 29. Kxb2 e5 30. Bxe5 Bxe5 31. dxe5 Qf2+ 32. Ka3 Qxf3 33. Qc2 dxe4 34. Rxe4 c5 35. b5 Rfd8 36. Rd6 Qh1 37. Ka2 a3 38. c4 Qf3 39. Rd5 Qf5 40. Re2 Qe6 41. Red2 Re8 42. Rxc5 Qg4 43. Rc7 Rxe5 44. Rf2 Rf8 45. Rfxf7 1-0


[Site "https://www.chess.com"]

[Event "Titled Tuesday Blitz March 14 Early 2023"]
[White "Liyanage, Ranindu Dilshan"]
[Black "Aditya Mittal"]
[WhiteFideId "9915834"]
[BlackFideId "35042025"]
[WhiteElo "2199"]
[BlackElo "2396"]
[Result "1-0"]
[Round "09"]
[TimeControl "180+2"]
[Date "2023.03.14"]
[WhiteClock "0:00:16"]
[BlackClock "0:00:03"]

1. e4 e5 2. Nf3 Nc6 3. Bc4 Nf6 4. d3 d5 5. exd5 Nxd5 6. O-O Be7 7. Re1 f6 8. h3 Be6 9. d4 Ne3 10. Bxe3 Bxc4 11. dxe5 Bf7 12. Qxd8+ Rxd8 13. exf6 Bxf6 14. Bd4+ Kf8 15. Bxf6 gxf6 16. Nc3 Bg6 17. Re2 Kf7 18. a3 Rhe8 19. Rae1 a6 20. Rxe8 Rxe8 21. Rxe8 Kxe8 22. Nd5 Bxc2 23. Nxc7+ Kd7 24. Nd5 Ke6 25. Ne3 Be4 26. Nd2 Bg6 27. f4 Kd6 28. Kf2 Kc5 29. f5 Bf7 30. Ne4+ Kd4 31. Nxf6 h6 32. Ke2 Ne5 33. Nfg4 Bh5 34. Kd2 Bxg4 35. Nxg4 Nc4+ 36. Kc2 h5 37. f6 Nd6 38. Nh6 Ke3 39. g4 hxg4 40. hxg4 Kf4 41. f7 Nxf7 42. Nxf7 Kxg4 43. Nd6 b6 44. Kc3 Kf4 45. Kd4 1-0


[Site "https://www.chess.com"]

[Event "Titled Tuesday Blitz March 14 Early 2023"]
[White "De Silva, L M S T"]
[Black "Vakhlamov, Igor L."]
[WhiteFideId "9953698"]
[BlackFideId "24126748"]
[WhiteElo "2403"]
[BlackElo "2400"]
[Result "0-1"]
[Round "09"]
[TimeControl "180+2"]
[Date "2023.03.14"]
[WhiteClock "0:00:44"]
[BlackClock "0:01:40"]

1. e4 c5 2. Nf3 e6 3. d4 cxd4 4. Nxd4 Nf6 5. Nc3 Nc6 6. Be2 d5 7. exd5 exd5 8. O-O Be7 9. Be3 O-O 10. h3 Re8 11. Qd2 Bb4 12. Bg5 h6 13. Bh4 Ne4 14. Bxd8 Nxd2 15. Nxc6 bxc6 16. Rfd1 Bxc3 17. bxc3 Rxe2 0-1


[Site "https://www.chess.com"]

[Event "Titled Tuesday Blitz March 14 Early 2023"]
[White "Samant Aditya S"]
[Black "Yuan, Qingyu"]
[WhiteFideId "35080580"]
[BlackFideId "8609772"]
[WhiteElo "2362"]
[BlackElo "2359"]
[Result "1-0"]
[Round "09"]
[TimeControl "180+2"]
[Date "2023.03.14"]
[WhiteClock "0:00:05"]
[BlackClock "0:00:05"]

1. e4 e5 2. Nf3 Nc6 3. d4 exd4 4. Bc4 Bc5 5. c3 Nf6 6. e5 d5 7. Be2 Ne4 8. cxd4 Bb6 9. Nc3 O-O 10. O-O Bg4 11. Be3 f6 12. exf6 Nxf6 13. Na4 Ne4 14. a3 Ne7 15. h3 Bxf3 16. Bxf3 Nf5 17. Nxb6 axb6 18. Re1 Nfd6 19. b3 Qh4 20. a4 c6 21. Rf1 Rf6 22. Bxe4 Nxe4 23. Qg4 Qxg4 24. hxg4 Rff8 25. f3 Nd6 26. Kf2 Ra6 27. Rfe1 Re8 28. Bf4 Rd8 29. Bxd6 Rxd6 30. Re7 Ra7 31. Rae1 Rf6 32. Rc7 Ra8 33. Ree7 Rg6 34. Rxb7 c5 35. Rbd7 cxd4 36. Rxd5 Rc8 37. Rxd4 h6 38. Kg3 Rc3 39. Rb4 Rcc6 40. Rb5 Rgf6 41. Re4 Kh7 42. Reb4 Rcd6 43. Rf4 Rg6 44. Re4 Rc6 45. a5 bxa5 46. Rxa5 Rb6 47. Rc5 Rgd6 48. b4 Rb7 49. b5 Rdb6 50. Rb4 Rd6 51. Rc2 Rd5 52. b6 Rd6 53. Rcb2 Re6 54. Kf4 Kg6 55. Rb5 Rf6+ 56. Ke4 Rd6 57. Ke5 Rd3 58. Rd5 Rc3 59. Kd6 Kf7 60. Rc5 Rd3+ 61. Kc6 Rdd7 62. Kb5 Rd8 63. Rc7+ Rd7 64. Rxd7+ Rxd7 65. Kc6 Re7 66. b7 Re6+ 67. Kd5 Re5+ 68. Kxe5 1-0


[Site "https://www.chess.com"]

[Event "Titled Tuesday Blitz March 14 Early 2023"]
[White "Albornoz Cabrera, Carlos Daniel"]
[Black "Chen, Justin"]
[WhiteFideId "3518736"]
[BlackFideId "2098199"]
[WhiteElo "2501"]
[BlackElo "2289"]
[Result "0-1"]
[Round "09"]
[TimeControl "180+2"]
[Date "2023.03.14"]
[WhiteClock "0:00:35"]
[BlackClock "0:00:12"]

1. d4 Nf6 2. c4 e6 3. Nf3 d5 4. Nc3 Be7 5. Bg5 h6 6. Bh4 O-O 7. e3 b6 8. Qc2 c5 9. Bxf6 Bxf6 10. cxd5 cxd4 11. exd4 exd5 12. Be2 Nc6 13. Rd1 Bg4 14. Qa4 Rc8 15. O-O Re8 16. Bb5 Bxf3 17. Bxc6 Bxd1 18. Rxd1 Re7 19. g3 Qd6 20. Bb5 Rec7 21. Bf1 Rd8 22. Qb3 Re7 23. Bb5 g6 24. h4 Kg7 25. Kg2 h5 26. Be2 Rh8 27. Bf3 g5 28. hxg5 Bxg5 29. Nxd5 Re6 30. Nc3 h4 31. Ne4 Qe7 32. Qd3 hxg3 33. fxg3 Reh6 34. Kg1 f5 35. Nxg5 Qxg5 36. Bg2 Rg6 37. Kf2 f4 38. Re1 fxg3+ 39. Kg1 Rf8 40. d5 Rgf6 41. Qd4 Qf4 42. Qxf4 Rxf4 43. d6 Rd8 44. Rd1 Rf7 45. d7 Rfxd7 46. Rf1 Rd1 47. Bf3 Rxf1+ 48. Kxf1 Rd2 49. b4 Rf2+ 50. Kg1 Rxf3 51. b5 Ra3 52. Kf1 Kf6 53. Kg2 Ke5 54. Kh3 Kd5 55. Kg2 Kc5 56. Kh3 Kxb5 57. Kg2 Rxa2+ 58. Kh3 Ra3 59. Kg2 Re3 60. Kh3 Kc4 61. Kg2 Kd4 62. Kh1 Ke4 63. Kg2 Kf4 64. Kh1 Kf3 65. Kg1 Re1# 0-1


[Site "https://www.chess.com"]

[Event "Titled Tuesday Blitz March 14 Early 2023"]
[White "Shuvalova, Polina"]
[Black "Real_OceanStorm"]
[WhiteFideId "24171760"]
[WhiteElo "2297"]
[BlackElo "2809"]
[Result "0-1"]
[Round "09"]
[TimeControl "180+2"]
[Date "2023.03.14"]
[WhiteClock "0:00:04"]
[BlackClock "0:00:08"]

1. d4 Nf6 2. Nf3 e6 3. Bf4 d5 4. e3 c5 5. Nbd2 Nc6 6. Bd3 Be7 7. O-O cxd4 8. exd4 O-O 9. c3 Nh5 10. Be3 f5 11. Ne5 Nf6 12. Bf4 Nxe5 13. Bxe5 Nd7 14. Nf3 Nxe5 15. Nxe5 Bd6 16. f4 Qc7 17. Qh5 Bd7 18. Rae1 a6 19. Rf3 Be8 20. Qh4 Be7 21. Qf2 a5 22. Kh1 b5 23. g4 fxg4 24. Nxg4 Bh5 25. Qg3 b4 26. Qh3 g6 27. Rxe6 bxc3 28. bxc3 Rab8 29. Rfe3 Qxf4 30. Ne5 Bh4 31. Nd7 Bg4 32. Qxh4 Bf3+ 33. Rxf3 Qxh4 34. Nxf8 Rxf8 35. Rxf8+ Kxf8 36. Re3 Qf2 37. Rg3 Qxa2 38. Rf3+ Kg7 39. Bb5 Qa1+ 40. Kg2 Qb2+ 41. Rf2 Qa3 42. Bc6 Qxc3 43. Bxd5 Qb4 44. Bf3 Qxd4 45. Re2 Qb4 46. Rc2 a4 47. Rc7+ Kh6 48. Ra7 a3 49. Bd5 Qb2+ 50. Kf3 Qf6+ 51. Ke4 Qf5+ 52. Kd4 Qf2+ 53. Kc4 Qxa7 54. Kb3 a2 55. Kb2 a1=Q+ 56. Kb3 Qb8+ 57. Bb7 Qxb7+ 58. Kc2 Qbb1+ 59. Kd2 Qd4+ 60. Ke2 Qbb2+ 61. Kf1 Qd1# 0-1


[Site "https://www.chess.com"]

[Event "Titled Tuesday Blitz March 14 Early 2023"]
[White "Galchenko, Matvey"]
[Black "Weetik, Vjacheslav"]
[WhiteFideId "24175480"]
[BlackFideId "4153472"]
[WhiteElo "2404"]
[BlackElo "2469"]
[Result "1-0"]
[Round "09"]
[TimeControl "180+2"]
[Date "2023.03.14"]
[WhiteClock "0:00:12"]
[BlackClock "0:00:01"]

1. f4 d5 2. Nf3 g6 3. g3 Bg7 4. Bg2 c5 5. O-O Nc6 6. d3 d4 7. c3 Nh6 8. e4 O-O 9. h3 f6 10. g4 e5 11. f5 g5 12. cxd4 exd4 13. Na3 Nf7 14. h4 h6 15. Qb3 Qb6 16. Qc2 Nfe5 17. Nc4 Qc7 18. hxg5 hxg5 19. Qb3 Rf7 20. Nfxe5 Nxe5 21. Nxe5 Qxe5 22. Bd2 b6 23. Rf3 Ba6 24. Be1 Rc8 25. Bg3 Qe7 26. Rc1 Bb7 27. Rf2 b5 28. Qxb5 Ba8 29. Qc4 Bf8 30. Re1 Qb7 31. e5 Qb6 32. exf6 Bxg2 33. Kxg2 1-0


[Site "https://www.chess.com"]

[Event "Titled Tuesday Blitz March 14 Early 2023"]
[White "Nurmanova, Alua"]
[Black "Narayanan, Srinath"]
[WhiteFideId "13729390"]
[BlackFideId "5018420"]
[WhiteElo "2253"]
[BlackElo "2438"]
[Result "0-1"]
[Round "09"]
[TimeControl "180+2"]
[Date "2023.03.14"]
[WhiteClock "0:00:02"]
[BlackClock "0:00:09"]

1. e4 c6 2. d3 d5 3. Nd2 g6 4. g3 Bg7 5. Bg2 dxe4 6. dxe4 e5 7. Ngf3 Nd7 8. Nc4 Qe7 9. Nd6+ Kf8 10. O-O h6 11. Be3 Ngf6 12. h3 Kg8 13. Re1 Kh7 14. c4 Rd8 15. c5 Ne8 16. Nxc8 Raxc8 17. Qc2 Nc7 18. Rad1 Nf8 19. Qa4 a6 20. Nd2 Nfe6 21. Nc4 Nxc5 22. Qa3 N7e6 23. Nb6 Rxd1 24. Rxd1 Re8 25. b4 Nxe4 26. Bxe4 f5 27. Bg2 f4 28. Bc5 Nxc5 29. bxc5 fxg3 30. fxg3 e4 31. Rd7 Qf6 32. Qe3 Kh8 33. Kh2 Qb2 34. a4 Qc3 35. Qxc3 Bxc3 36. Nc4 e3 37. Nxe3 Rxe3 38. Rxb7 Be5 39. Bxc6 Rxg3 40. Kh1 Rxh3+ 41. Kg2 Rc3 42. Be4 Re3 43. Bd5 Rd3 44. Bf3 Rd2+ 45. Kf1 Bd4 46. Be4 Bxc5 47. Bxg6 Kg8 48. Bf7+ Kf8 49. Bc4 a5 50. Bb5 h5 51. Rh7 Rd5 52. Bc4 Re5 53. Kg2 Be7 54. Rf7+ Ke8 55. Rh7 h4 56. Bb5+ Kd8 57. Rh8+ Kc7 58. Rh7 Kd6 59. Kh3 Kc5 60. Be8 Re3+ 0-1


[Site "https://www.chess.com"]

[Event "Titled Tuesday Blitz March 14 Early 2023"]
[White "Molina, Roberto Junio Brito"]
[Black "Lopez Mulet, Inigo"]
[WhiteFideId "2109450"]
[BlackFideId "22235620"]
[WhiteElo "2376"]
[BlackElo "2289"]
[Result "0-1"]
[Round "09"]
[TimeControl "180+2"]
[Date "2023.03.14"]
[WhiteClock "0:00:04"]
[BlackClock "0:00:19"]

1. d4 Nf6 2. Nf3 c5 3. e3 e6 4. Bd3 b6 5. O-O Bb7 6. Qe2 Be7 7. b3 O-O 8. Bb2 d6 9. c4 Nbd7 10. Nbd2 Re8 11. Rac1 Bf8 12. Rfd1 e5 13. dxe5 dxe5 14. e4 Bd6 15. Ne1 Nf8 16. Nc2 Ne6 17. Ne3 Nd4 18. Qf1 Nh5 19. g3 Qg5 20. Nd5 Bxd5 21. cxd5 Rad8 22. Kh1 Nf6 23. f3 h5 24. Qf2 h4 25. g4 Nh7 26. Rf1 Nf8 27. Rcd1 Ng6 28. Nc4 Nf4 29. Bc1 Qf6 30. Bb1 Rd7 31. Be3 Rc8 32. Qd2 g5 33. Bxf4 exf4 34. Qd3 Be5 35. h3 Qe7 36. Rc1 f6 37. Kg2 Qd8 38. Rfd1 Qc7 39. Nd2 b5 40. a3 Qb6 41. Ba2 Qa6 42. b4 c4 43. Nxc4 bxc4 44. Rxc4 Rxc4 45. Bxc4 Qb6 46. Rc1 Kg7 47. Bb3 Rc7 48. Rd1 Nb5 49. Ba4 Nd6 50. Rd2 Rc3 51. Qe2 Qe3 52. Qxe3 fxe3 53. Ra2 Bd4 54. Bd1 Rc1 55. Be2 Kf7 56. a4 Ke7 57. a5 Kd7 58. b5 Kc7 59. b6+ axb6 60. a6 Kb8 61. a7+ Ka8 62. Ba6 Kxa7 63. Bd3+ Kb8 64. f4 gxf4 65. Kf3 Ra1 66. Rb2 Bxb2 67. Kxf4 Be5+ 0-1


[Site "https://www.chess.com"]

[Event "Titled Tuesday Blitz March 14 Early 2023"]
[White "Rosen, Eric"]
[Black "Smirnov, Pavel"]
[WhiteFideId "2032562"]
[BlackFideId "4123425"]
[WhiteElo "2331"]
[BlackElo "2519"]
[Result "0-1"]
[Round "09"]
[TimeControl "180+2"]
[Date "2023.03.14"]
[WhiteClock "0:00:02"]
[BlackClock "0:01:02"]

1. d4 Nf6 2. Bf4 d5 3. e3 Bf5 4. Nd2 e6 5. c4 Nbd7 6. Qb3 Bd6 7. Bg3 O-O 8. Ngf3 Bxg3 9. hxg3 c5 10. Bd3 Bxd3 11. Qxd3 cxd4 12. Qxd4 Qb6 13. cxd5 Qxd4 14. Nxd4 Nxd5 15. Ke2 Rac8 16. Rac1 a6 17. a3 g6 18. Ne4 N7b6 19. Nd6 Rb8 20. e4 Nf6 21. e5 Nfd5 22. f4 h5 23. Kf3 Nc8 24. Ne4 Nce7 25. Nd6 Nc8 26. Ne4 Nce7 27. Nd6 b5 28. g4 hxg4+ 29. Kxg4 b4 30. a4 b3 31. Rc4 Ne3+ 32. Kg5 Nxc4 33. Nxc4 Rb4 34. f5 Rxc4 35. f6 Rxd4 36. fxe7 Re8 37. Kf6 Rf4+ 38. Kg5 Rf5+ 39. Kh6 Rxe7 40. g4 Rxe5 41. a5 Re8 42. g5 Re2 43. Rh3 Rxb2 44. Rh1 Rg2 45. Rh3 b2 46. Rh1 b1=Q 47. Rh5 gxh5 48. g6 Qxg6# 0-1


[Site "https://www.chess.com"]

[Event "Titled Tuesday Blitz March 14 Early 2023"]
[White "Jovic, Stanoje"]
[Black "EREBUNI91"]
[WhiteFideId "905020"]
[WhiteElo "2236"]
[BlackElo "2770"]
[Result "0-1"]
[Round "09"]
[TimeControl "180+2"]
[Date "2023.03.14"]
[WhiteClock "0:00:01"]
[BlackClock "0:00:18"]

1. c4 c5 2. g3 d6 3. Bg2 Nc6 4. Nc3 g6 5. Nf3 Bg7 6. O-O Nh6 7. d4 cxd4 8. Nxd4 Nxd4 9. Bxh6 Nxe2+ 10. Qxe2 Bxh6 11. Rfe1 e6 12. Rad1 O-O 13. Ne4 Bg7 14. Nxd6 Qc7 15. b4 Bc3 16. c5 Bxb4 17. Ne4 Bxe1 18. Qxe1 f6 19. Qc3 Kg7 20. Nd6 e5 21. f4 exf4 22. gxf4 Bg4 23. Rd3 Rad8 24. Qa3 b6 25. c6 Be6 26. h4 Bf7 27. h5 b5 28. h6+ Kxh6 29. f5 g5 30. Qc5 Kg7 31. Nxb5 Qa5 32. Rd7 Qe1+ 33. Kh2 Rxd7 34. cxd7 Rd8 35. Bc6 Qd2+ 36. Kg3 Qf4+ 37. Kg2 Qg4+ 38. Kh2 Qe2+ 39. Kg1 Qxa2 40. Nd4 Qc4 41. Ne6+ Bxe6 42. Qe7+ Bf7 43. Qxd8 Qc5+ 44. Kf1 Bc4+ 45. Ke1 Qe3+ 46. Kd1 Bb3# 0-1


[Site "https://www.chess.com"]